 Dungeon Crawl Stone Soup version 0.17-a0-1181-gabc46e6 (webtiles) character file.

2234 Hanyuu the Martial Artist (level 9, -1/54 HPs)
             Began as an Octopode Transmuter on May 31, 2015.
             Was a Follower of Makhleb.
             Slain by an ice beast (10 damage)
             ... on level 7 of the Dungeon.
             The game lasted 00:31:51 (10144 turns).

Hanyuu the Martial Artist (Octopode Transmuter)    Turns: 10144, Time: 00:31:51

Health: -1/54      AC:  2    Str:  9    XL:     9   Next: 36%
Magic:  11/13      EV: 22    Int: 18    God:    Makhleb [*.....]
Gold:   226        SH:  0    Dex: 18    Spells: 5 memorised, 5 levels left

rFire  . . .     SeeInvis .       - Unarmed
rCold  . . .     Clarity  .     (shield currently unavailable)
rNeg   + . .     SustAt   +     (helmet currently unavailable)
rPois  x         Gourm    .     (no amulet)
rElec  .         Spirit   .     g - ring of sustain attributes
rCorr  .         Warding  .     q - ring of positive energy
rMut   .         Stasis   .     (no ring)
MR     .....                    (no ring)
Stlth  ++........               (no ring)
                                (no ring)
                                (no ring)
                                (no ring)

@: spider-form, not resistant to hostile enchantments, unstealthy
A: almost no armour, amphibious, 8 rings, (constrict 8), (camouflage 0),
(gelatinous body 0)
a: End Transformation, Renounce Religion


You were on level 7 of the Dungeon.
You worshipped Makhleb.
Makhleb was aware of your devotion.
You were not hungry.
You were a venomous arachnid creature.
You visited 2 branches of the dungeon, and saw 8 of its levels.

You collected 226 gold pieces.

Inventory:

Hand weapons
 b - a +1 blowgun
Missiles
 c - 165 arrows
 k - 10 poisoned needles
 t - a throwing net (quivered)
 y - 5 tomahawks
Jewellery
 g - a ring of sustain attributes (left front leg)
 q - a ring of positive energy (right front leg)
Magical devices
 m - a wand of random effects (11)
 o - a wand of frost (8)
 p - a wand of flame (11)
 E - a wand of slowing (34)
Scrolls
 e - 3 scrolls of remove curse
 l - 2 scrolls of teleportation
 w - 2 scrolls of fog
 x - a scroll of random uselessness
 D - a scroll of recharging {unknown}
 F - a scroll of fear
Potions
 d - 2 potions of curing
 h - a potion of heal wounds
 i - 2 potions of cancellation
 n - a potion of agility
 r - a potion of brilliance
 z - a potion of might
 B - a potion of magic
Books
 s - a book of Changes

   Spells                             Type                      Level
   a - Beastly Appendage              Transmutation                1
   b - Sticks to Snakes               Transmutation                2
   c - Spider Form                    Transmutation/Poison         3
   d - Ice Form                       Ice/Transmutation            4
   e - Blade Hands                    Transmutation                5
 u - a book of Battle

   Spells                             Type                      Level
   a - Infusion                       Charms                       1
   b - Shroud of Golubria             Charms/Translocation         2
   c - Song of Slaying                Charms                       2
   d - Spectral Weapon                Hexes/Charms                 3
   e - Regeneration                   Charms/Necromancy            3
 C - a book of Beasts

   Spells                             Type                      Level
   a - Summon Butterflies             Summoning                    1
   b - Call Canine Familiar           Summoning                    3
   c - Summon Ice Beast               Ice/Summoning                4
   d - Summon Mana Viper              Hexes/Summoning              5
   e - Summon Hydra                   Summoning                    7
Comestibles
 a - 4 bread rations
 f - 10 fruits
 j - 3 meat rations
 v - a royal jelly
 A - a beef jerky
 G - 4 chunks of flesh


   Skills:
 - Level 2.2 Fighting
 - Level 2.0 Throwing
 + Level 4.0 Dodging
 * Level 9.6 Unarmed Combat
 - Level 3.1 Spellcasting
 - Level 1.0 Charms
 + Level 5.9 Transmutations
 - Level 1.0 Poison Magic


You had 5 spell levels left.
You knew the following spells:

 Your Spells              Type           Power        Failure   Level  Hunger
a - Beastly Appendage     Trmt           ###...       6%          1    None
b - Sticks to Snakes      Trmt           ###.......   8%          2    ##.....
c - Spider Form           Trmt/Pois      ###.......   32%         3    ###....
d - Shroud of Golubria    Chrm/Tloc      #.........   41%         2    ##.....
e - Summon Butterflies    Summ           #.......     36%         1    None


Dungeon Overview and Level Annotations

Branches:
Dungeon (7/15)             Temple (1/1) D:6

Altars:
Ashenzari
Cheibriados
Dithmenos
Elyvilon
Fedhas
Gozag
Kikubaaqudgha
Makhleb
Nemelex Xobeh
Okawaru
Ru
Sif Muna
Trog
Vehumet
Xom
Yredelemnul
The Shining One

Shops:
D:2 *


Innate Abilities, Weirdness & Mutations

You cannot wear most types of armour.
You are amphibious.
You can wear up to eight rings at the same time.
((You can use your tentacles to constrict eight enemies at once.))
((Your skin changes colour to match your surroundings (Stealth).))
((Your rubbery body absorbs attacks (AC +1).))


Message History

You destroy the hound zombie!
Makhleb accepts your kill.
Your Dodging skill increases to level 4!
You hit the ice beast but do no damage. The ice beast hits you.
The ice beast freezes you!
You hit the ice beast but do no damage. The ice beast barely misses you.
You barely miss the ice beast. You closely miss the ice beast.
The ice beast hits you. The ice beast freezes you!
You barely miss the ice beast. The ice beast completely misses you.
You hit the ice beast.
The ice beast is moderately wounded.
The ice beast hits you. The ice beast freezes you!
* * * LOW HITPOINT WARNING * * *
You bite the ice beast!
The ice beast is poisoned.
The ice beast is heavily wounded.
The ice beast hits you.
* * * LOW HITPOINT WARNING * * *
The ice beast freezes you!
You die...

#### #... #...
########## #...
#........#
####...#######........#
......gYs......>......#
.......#######........#
......? #........#
....... #........#
..<.... +##........#
...##.. ...........#
..# #.Y ....###.<####
.. #.. (....###..#
.....+....#


You could see an ice beast and a hobgoblin.

Vanquished Creatures
  Eustachio (D:6)
  A hippogriff (D:7)
  Menkaure (D:5)
  4 ice beasts
  A centaur (D:5)
  2 ogres (D:4)
  4 giant frogs
  3 scorpions
  A crimson imp (D:6)
  3 hounds
  A centaur zombie (D:5)
  2 orc wizards (D:5)
  A giant frog skeleton (D:5)
  A gnoll shaman (D:4)
  A centaur skeleton (D:4)
  Natasha (thrice) (D:2)
  2 orc priests (D:5)
  3 worker ants
  A hound skeleton (D:6)
  A hound zombie (D:7)
  Robin (D:2)
  11 adders
  3 gnolls (D:4)
  2 shadow imps (D:5)
  An ooze (D:2)
  4 adder skeletons
  4 worms
  8 giant geckos
  18 orcs
  A ball python (D:1)
  17 bats
  A bat skeleton (D:6)
  2 bat zombies
  8 giant cockroaches
  21 goblins
  13 hobgoblins
  2 jackals (D:1)
  6 quokkas
  3 giant gecko skeletons
  4 giant newts
  11 kobolds
  A quokka skeleton (D:5)
  A quokka zombie (D:6)
  9 rats
189 creatures vanquished.

Vanquished Creatures (others)
  A human (D:3)
1 creature vanquished.

Grand Total: 190 creatures vanquished

Notes
Turn   | Place    | Note
--------------------------------------------------------------
     0 | D:1      | Hanyuu the Octopode Transmuter began the quest for the Orb.
     0 | D:1      | Reached XP level 1. HP: 13/13 MP: 3/3
   346 | D:1      | Reached XP level 2. HP: 4/18 MP: 3/5
   881 | D:1      | Reached skill level 4 in Unarmed Combat
   923 | D:1      | Reached XP level 3. HP: 8/23 MP: 3/6
  1233 | D:1      | Learned a level 2 spell: Sticks to Snakes
  1237 | D:1      | Learned a level 3 spell: Spider Form
  1767 | D:2      | Found a snail-covered altar of Cheibriados.
  1833 | D:2      | Reached skill level 1 in Poison Magic
  2082 | D:2      | Found an opulent altar of Gozag.
  2088 | D:2      | Reached XP level 4. HP: 28/28 MP: 4/7
  2095 | D:2      | Found Gozag's Platinum Reserve.
  2150 | D:2      | Noticed Robin
  2172 | D:2      | Killed Robin
  2253 | D:2      | Found a white marble altar of Elyvilon.
  2293 | D:2      | Found an ancient bone altar of Kikubaaqudgha.
  2294 | D:2      | Found a shattered altar of Ashenzari.
  2294 | D:2      | Found a bloodstained altar of Trog.
  2294 | D:2      | Noticed Natasha
  2311 | D:2      | Killed Natasha
  2311 | D:2      | Reached skill level 5 in Unarmed Combat
  2311 | D:2      | Reached XP level 5. HP: 3/33 MP: 4/8
  2912 | D:2      | Noticed Natasha
  2921 | D:2      | Killed Natasha
  3373 | D:2      | Noticed Natasha
  3380 | D:2      | Killed Natasha
  3493 | D:3      | Found an ancient bone altar of Kikubaaqudgha.
  3494 | D:3      | Noticed a human
  3497 | D:3      | Killed a human
  4556 | D:4      | Noticed an ogre
  4562 | D:4      | Killed an ogre
  4562 | D:4      | Reached skill level 1 in Throwing
  4562 | D:4      | Reached XP level 6. HP: 29/39 MP: 5/9
  5140 | D:4      | Reached skill level 6 in Unarmed Combat
  5163 | D:4      | Found a glowing golden altar of the Shining One.
  5202 | D:4      | Found a basalt altar of Yredelemnul.
  5314 | D:4      | Reached XP level 7. HP: 41/45 MP: 8/10
  5576 | D:4      | Found a blossoming altar of Fedhas.
  6280 | D:5      | Entered Level 5 of the Dungeon
  6516 | D:5      | Reached skill level 7 in Unarmed Combat
  6663 | D:5      | Reached XP level 8. HP: 37/50 MP: 8/11
  7444 | D:5      | Learned a level 2 spell: Shroud of Golubria
  7831 | D:5      | Noticed Menkaure
  7845 | D:5      | Killed Menkaure
  7845 | D:5      | Reached skill level 8 in Unarmed Combat
  7961 | D:5      | Reached skill level 5 in Transmutations
  8220 | D:6      | Found a sacrificial altar of Ru.
  8230 | D:6      | Noticed Eustachio
  8262 | D:6      | Killed Eustachio
  8610 | D:6      | Found a staircase to the Ecumenical Temple.
  8624 | D:6      | Reached XP level 9. HP: 51/54 MP: 11/13
  8633 | Temple   | Entered the Ecumenical Temple
  8671 | Temple   | Became a worshipper of Makhleb the Destroyer
  8846 | D:6      | Got an encrusted whip
  8847 | D:6      | Identified the cursed +1 whip "Xanoeck" {freeze, Str+4 Dex+7} (You found it on level 6 of the Dungeon)
  9039 | D:6      | Reached skill level 9 in Unarmed Combat
  9039 | D:6      | Reached skill level 1 in Charms
  9179 | D:6      | Learned a level 1 spell: Summon Butterflies
  9913 | D:7      | Acquired Makhleb's first power
 10144 | D:7      | Slain by an ice beast

Vault maps used:
D:1:      saegor_arrival_under_anarchy, minmay_vboxes
D:2:      nicolae_gozag_zags_fifth_avenue, elyvilon_altar_3,
          grunt_temple_overflow_open, overflow_temple_1_default, uniq_natasha,
          uniq_robin
D:3:      tgw_kikubaaqudgha
D:4:      nicolae_overflow_hidden_temple, tso_oasis_becter, fedhas_altar_4
D:5:      first_bread, kennysheep_generic_room_13, uniq_menkaure
D:6:      lemuel_crystal_altar, minmay_temple_entry_statues_fountains,
          uniq_eustachio
Temple:   temple_island_7

Action                   |  1- 3 |  4- 6 |  7- 9 || total
-------------------------+-------+-------+-------++-------
Melee: Unarmed           |    93 |   188 |   249 ||   530
 Fire: Blowgun           |       |     8 |    32 ||    40
 Cast: Beastly Appendage |     9 |     6 |     6 ||    21
       Spider Form       |     1 |     8 |    17 ||    26
 Abil: End Transformatio |       |       |     1 ||     1
Evoke: Wand              |       |       |     1 ||     1
  Use: Scroll            |       |     7 |    11 ||    18
       Potion            |       |       |     2 ||     2
 Stab: Sleeping          |     6 |     8 |    15 ||    29
       Distracted        |       |       |     1 ||     1
  Eat: Chunk             |     4 |    12 |    16 ||    32
       Fruit             |       |       |     1 ||     1
